 Dungeon Crawl Stone Soup version 0.23.0 (webtiles) character file.

Game seed: 18212960778856948071

100 kkeya the Poker (level 4, 0/29 HPs)
             Began as a Tengu Chaos Knight on Feb 8, 2019.
             Was a Plaything of Xom.
             Succumbed to a worker ant's poison
             ... on level 4 of the Dungeon.
             The game lasted 00:07:09 (1265 turns).

kkeya the Poker (Tengu Chaos Knight)                Turns: 1265, Time: 00:07:10

Health: 0/29       AC:  6    Str: 12    XL:     4   Next: 73%
Magic:  5/5        EV: 12    Int: 13    God:    Xom [..*...]
Gold:   50         SH:  0    Dex: 14    Spells: 3/3 levels left

rFire    . . .     SeeInvis .   a - +1 spear (chaos)
rCold    . . .     Gourm    .   (no shield)
rNeg     . . .     Faith    .   b - +3 leather armour
rPois    .         Spirit   .   (helmet restricted)
rElec    .         Reflect  .   (no cloak)
rCorr    .         Harm     .   (no gloves)
MR       .....                  (boots unavailable)
Stlth    +.........             d - amulet of rage
HPRegen  0.09/turn              (no ring)
MPRegen  0.09/turn              (no ring)

@: lethally poisoned (0 -> -8)
A: beak, talons 3
a: Renounce Religion, Evoke Berserk Rage


You were on level 4 of the Dungeon.
You worshipped Xom.
You were a toy of Xom.
You were very hungry.

You visited 1 branch of the dungeon, and saw 4 of its levels.

You collected 50 gold pieces.

Inventory:

Hand Weapons
 a - a +1 spear of chaos (weapon)
Armour
 b - a +3 leather armour (worn)
Jewellery
 d - an amulet of rage (around neck)
Scrolls
 e - 4 scrolls of identify
 i - a scroll of immolation {unknown}
Potions
 g - a potion of curing
Comestibles
 c - 6 rations


   Skills:
 + Level 3.7 Fighting
 + Level 4.7 Polearms
 + Level 2.5 Armour
 + Level 1.8 Dodging
 + Level 0.2 Stealth


You had 3 spell levels left.
You didn't know any spells.
Your spell library was empty.

Dungeon Overview and Level Annotations

Branches:
Dungeon (4/15)
 Temple: D:4-7

Altars:
Kikubaaqudgha
Qazlal


Innate Abilities, Weirdness & Mutations

You have a beak for a mouth.
You have claws for feet.


Message History

You hit the worker ant but do no damage.
You claw the worker ant.
The worker ant is moderately wounded.
You feel sick.
The worker ant bites you but does no damage.
The worker ant bites you.
* * * LOW HITPOINT WARNING * * *
You are more poisoned.
The worker ant poisons you!
* * * LOW HITPOINT WARNING * * *
You feel sick.
As you read the scroll of teleportation, it crumbles to dust.
You feel strangely unstable.
* * * LOW HITPOINT WARNING * * *
You feel sick. The worker ant closely misses you.
* * * LOW HITPOINT WARNING * * *
You feel sick.
Your surroundings suddenly seem different.
You die...
Xom is highly amused!

#.# #### ### #.#
..# #.# ... #.#
#.# #.####### #.#
#.......# #.#
#######$## #.#.##
#...# #@...#
###...###
#.....##.a.....###
#.....$....<......
......##.....#####
...........?.#
#...######.....
##### #...(.#
#....## ###...


There were no monsters in sight!

Vanquished Creatures
  Jessica (D:2)
  2 adders
  2 worms (D:2)
  A dart slug (D:1)
  A leopard gecko (D:1)
  8 bats
  A giant cockroach (D:3)
  3 goblins
  6 hobgoblins
  9 jackals
  A kobold (D:1)
  2 frilled lizards (D:1)
  7 rats
44 creatures vanquished.

Notes
Turn   | Place    | Note
-------+----------+-------------------------------------------
     0 | D:1      | kkeya the Tengu Chaos Knight began the quest for the Orb.
     0 | D:1      | Reached XP level 1. HP: 14/14 MP: 2/2
   123 | D:1      | Reached XP level 2. HP: 16/19 MP: 3/3
   454 | D:1      | Reached XP level 3. HP: 23/23 MP: 4/4
   501 | D:1      | Reached skill level 4 in Polearms
   526 | D:2      | Noticed Jessica
   528 | D:2      | Killed Jessica
   536 | D:2      | Reached XP level 4. HP: 24/29 MP: 5/5
   616 | D:2      | XOM: divination: detect items
   738 | D:2      | Found a stormy altar of Qazlal.
  1070 | D:3      | XOM: divination: detect creatures
  1183 | D:3      | Found an ancient bone altar of Kikubaaqudgha.
  1264 | D:4      | HP: 1/29 [poisoned by a worker ant]
  1265 | D:4      | Succumbed to a worker ant's poison

Skill      XL: |  1  2  3 |
---------------+----------+-----
Polearms       | 4 |  4.7
Fighting       | |  3.7
Armour         | |  2.5
Dodging        | |  1.8
Stealth        | |  0.2

Action                   |  1- 3 |  4- 6 || total
-------------------------+-------+-------++-------
Melee: Spear             |    45 |    61 ||   106
       Kick              |    11 |    14 ||    25
       Peck              |     3 |     8 ||    11
  Use: Scroll            |     3 |     3 ||     6
       Potion            |     1 |     2 ||     3
 Stab: Sleeping          |     1 |       ||     1
Armor: Leather armour    |    22 |    16 ||    38
Dodge: Dodged            |    44 |    28 ||    72
